 Dungeon Crawl Stone Soup version 0.28-a0-845-gfc338a8e3c (console) character file.

Game seed: 2208076996092200638

135 petzl the Vexing (level 5, -3/34 HPs)
             Began as an Octopode Arcane Marksman on Nov 12, 2021.
             Splashed by a jelly's acid (10 damage)
             ... on level 4 of the Dungeon.
             The game lasted 00:07:54 (2606 turns).

petzl the Vexing (Octopode Arcane Marksman)         Turns: 2606, Time: 00:07:55

Health: -3/34      AC: -11   Str: 16    XL:     5   Next: 18%
Magic:  16/16      EV: 13    Int: 16    God:
Gold:   172        SH:  0    Dex: 12    Spells: 6/7 levels left

rFire   . . .      SeeInvis .   b - +1 dagger (venom) {!f =f}
rCold   . . .      Faith    .   (no shield)
rNeg    + . .      Spirit   .   (helmet restricted)
rPois   .          Reflect  .   (no amulet)
rElec   .          Harm     .   f - ring of magical power
rCorr   .          Rampage  .   i - +6 ring of strength
Will    .....                   r - ring of positive energy
Stlth   +++.......              (no ring)
HPRegen 0.11/turn               (no ring)
MPRegen 0.15/turn               (no ring)
                                (no ring)
                                (no ring)

@: corroded
A: almost no armour, amphibious, 8 rings, camouflage 1, gelatinous body 1,
(nimble swimmer 1), tentacles
a: no special abilities


You were on level 4 of the Dungeon.
You visited 1 branch of the dungeon, and saw 4 of its levels.

You collected 172 gold pieces.

Inventory:

Hand Weapons
 a - a +0 hand crossbow
 b - a +1 dagger of venom (weapon) {!f =f}
 p - a +1 dagger of freezing {!f =f}
Missiles
 c - 6 bolts
Armour
 h - a +0 buckler
Jewellery
 f - a ring of magical power (left tentacle)
 i - a +6 ring of strength (right tentacle)
 r - a ring of positive energy (on tentacle)
Wands
 s - a wand of paralysis (9)
Scrolls
 d - a scroll of amnesia {unknown}
 e - 2 scrolls of brand weapon {unknown}
 g - a scroll of summoning {unknown}
 k - 2 scrolls of identify {unknown}
 n - a scroll of silence {unknown}
 o - 2 scrolls of teleportation {unknown}
 q - a scroll of fog {unknown}
 t - a scroll of enchant weapon {unknown}
Potions
 j - 3 potions of heal wounds {unknown}
 l - a potion of degeneration {unknown}
 m - 3 potions of resistance {unknown}


   Skills:
 + Level 2.2 Fighting
 + Level 2.8 Crossbows
 + Level 2.7 Dodging
 + Level 2.7 Stealth
 + Level 1.0 Shields
 + Level 1.9 Spellcasting
 - Level 3.0 Hexes


You had 6 spell levels left.
You knew the following spells:

 Your Spells              Type           Power      Damage    Failure   Level
a - Slow                  Hex            44%        N/A       6%          1

Your spell library contained the following spells:

 Spells                   Type           Power      Damage    Failure   Level
 Animate Skeleton         Necr           2%         N/A       22%         1
 Apportation              Tloc           2%         N/A       22%         1
 Summon Small Mammal      Summ           4%         N/A       22%         1
 Inner Flame              Hex/Fire       6%         N/A       34%         3
 Portal Projectile        Hex/Tloc       12%        N/A       34%         3
 Cause Fear               Hex            5%         N/A       52%         4


Dungeon Overview and Level Annotations

Branches:
Dungeon (4/15)
 Temple: D:4-7

Altars:
Uskayaw
Wu Jian
Zin


Innate Abilities, Weirdness & Mutations

You cannot wear most types of armour.
You are amphibious.
You can wear up to eight rings at the same time.
Your skin changes colour to match your surroundings (Stealth+).
Your rubbery body absorbs attacks. (AC +1, EV +1)
((You are camouflaged near water. (Stealth+)))
You have tentacles for arms and can constrict up to eight enemies at once.


Message History

The hobgoblin shouts!
A dart slug comes into view.
You hit the hobgoblin.
The hobgoblin is poisoned.
Your grab misses the hobgoblin. You squeeze the hobgoblin.
You kill the hobgoblin!
You see here a hobgoblin corpse.
The dart slug launches a dart at you. The slug dart hits you.
You hit the dart slug but do no damage.
The dart slug is poisoned.
You grab the dart slug. You squeeze the dart slug!
The dart slug is almost dead.
You constrict the dart slug.
You kill the dart slug!
Your Shields skill increases to level 1!
There is a hide-covered altar of Uskayaw here.
HP restored.
Found a stone staircase leading down.
There is a stone staircase leading down here.
You climb downwards.
You hear the hiss of flowing sand.
There is an entrance to an ossuary on this level.
Hurry and find it before the portal is buried!
Found a scroll labelled JADIHO IXZYI.
There is a stone staircase leading up here.
The helpless jelly fails to defend itself.
You puncture the jelly!
Your tentacles burn!
The jelly is heavily wounded.
The jelly closely misses you.
You hit the jelly.
The jelly is poisoned.
The acid corrodes you!
Your tentacles burn!
The jelly is heavily wounded.
The jelly closely misses you.
You hit the jelly. The acid corrodes you!
Your tentacles burn!
The jelly is severely wounded.
The jelly hits you. The acid corrodes you!
You are splashed with acid!
You hit the jelly.
Your tentacles burn!
* * * LOW HITPOINT WARNING * * *
The jelly is almost dead.
The jelly hits you.
* * * LOW HITPOINT WARNING * * *
You are splashed with acid!
You die...

# #####
#.##...#
#.....<#
####...#######
##.@.......
#.J#######
#..# #..# #?.#
...# ##.# ..#


You could see a jelly (very poisoned).

Vanquished Creatures
  A bullfrog zombie (D:3)
  A gnoll (D:3)
  2 adders (D:2)
  An ufetubus (D:3)
  2 worms
  3 dart slugs
  An orc (D:3)
  9 bats
  7 endoplasms
  A giant cockroach (D:3)
  5 goblins
  3 hobgoblins
  5 jackals (D:1)
  2 quokkas
  A ball python (D:2)
  6 frilled lizards
  4 kobolds
  4 rats
58 creatures vanquished.

Vanquished Creatures (others)
  2 withered plants (D:1)
2 creatures vanquished.

Grand Total: 60 creatures vanquished

Notes
Turn   | Place    | Note
-------+----------+-------------------------------------------
     0 | D:1      | petzl the Octopode Arcane Marksman began the quest for the
                  | Orb.
     0 | D:1      | Reached XP level 1. HP: 13/13 MP: 2/2
    86 | D:1      | Reached XP level 2. HP: 14/18 MP: 3/3
   193 | D:1      | Found a faded altar of an unknown god.
   222 | D:1      | Reached skill level 1 in Stealth
   762 | D:1      | Reached XP level 3. HP: 23/23 MP: 5/5
  1380 | D:2      | Found an ornate altar of the Wu Jian Council.
  1397 | D:2      | Reached XP level 4. HP: 29/29 MP: 6/6
  1758 | D:3      | Found a glowing silver altar of Zin.
  2154 | D:3      | Reached XP level 5. HP: 34/34 MP: 7/7
  2533 | D:3      | Found a hide-covered altar of Uskayaw.
  2542 | D:3      | Reached skill level 1 in Shields
  2606 | D:4      | Splashed by a jelly's acid

Illustrated notes

Levels and vault maps discovered:
D:1:      ebering_trefoil_3fold, layout_rooms,
          ebering_ecumenical_altar_petrified, minmay_small_reverse_x
D:2:      layout_rooms, basic_altar
D:3:      minmay_general_purpose_star, layout_basic,
          mainiacjoe_overflow_catch_the_wave, corexii_leaking_fountain,
          uniq_crazy_yiuf_cottage
D:4:      layout_loops_ring, minmay_temple_entry_enclosed_plants,
          enter_ossuary_4, ebering_ghost_reflecting_pool

Skill      XL: |  1  2  3  4  5 |
---------------+----------------+-----
Stealth        | 1 2 |  2.7
Fighting       | 2 |  2.2
Shields        | 1 |  1.0
Crossbows      | |  2.8
Dodging        | |  2.7
Spellcasting   | |  1.9
Hexes          | |  3.0

Action                   |  1- 3 |  4- 6 || total
-------------------------+-------+-------++-------
Melee: Dagger            |     9 |    37 ||    46
       Tentacles         |     1 |    12 ||    13
       Constrict         |       |    11 ||    11
 Fire: Hand crossbow     |    72 |     8 ||    80
 Stab: Sleeping          |     3 |     4 ||     7
Armor: Skin              |     7 |    12 ||    19
Dodge: Dodged            |    42 |    32 ||    74

Table legend: (Time is in decaauts)
 A = Elapsed time spent in this place.
 B = Non-inter-level travel time spent in this place.
 C = Inter-level travel time spent in this place.
 D = Time resting spent in this place.
 E = Time spent auto-exploring this place.
 F = Levels seen in this place.
 G = Mean time per level.
                   A        B        C        D        E       F      G
               +--------+--------+--------+--------+--------+-----+--------+
         Total |   2631 |   2528 |    103 |    522 |   1418 |   4 |  657.8 |
       Dungeon |   2631 |   2528 |    103 |    522 |   1418 |   4 |  657.8 |
               +--------+--------+--------+--------+--------+-----+--------+

Top non-repeatable levels by time:
     D:1: 1177 daAuts
     D:3: 839 daAuts
     D:2: 608 daAuts
     D:4: 5 daAuts
